 Dungeon Crawl Stone Soup version 0.22.1-1-ga44c0e5 (webtiles) character file.

5769 buskinjo2 the Carver (level 10, -4/72 HPs)
             Began as an Octopode Chaos Knight on Sept 30, 2018.
             Shot with a bolt by an orc warrior (21 damage)
             ... in a bailey.
             The game lasted 00:28:44 (7102 turns).

buskinjo2 the Carver (Octopode Chaos Knight)        Turns: 7102, Time: 00:28:45

Health: -4/72      AC:  1    Str: 13    XL:     10   Next: 78%
Magic:  12/12      EV: 17    Int: 14    God:    Xom [..*...]
Gold:   33         SH:  0    Dex: 12    Spells: 9/9 levels left

rFire    . . .     SeeInvis .   a - +0 falchion (chaos)
rCold    . . .     Gourm    .   (no shield)
rNeg     . . .     Faith    .   (helmet restricted)
rPois    +         Spirit   .   (no amulet)
rElec    .         Reflect  .   w - ring of poison resistance
rCorr    .         Harm     .   (no ring)
MR       .....                  (no ring)
Stlth    +++++.....             (no ring)
HPRegen  0.22/turn              (no ring)
MPRegen  0.13/turn              (no ring)
                                (no ring)
                                (no ring)

@: invisible
A: almost no armour, stealthy swim, amphibious, 8 rings, constrict 8, camouflage
1, clumsy 1, screaming 1, gelatinous body 1
a: Renounce Religion


You were in a bailey.
You worshipped Xom.
You were a toy of Xom.
You were not hungry.

You visited 1 branch of the dungeon, and saw 7 of its levels.
You also visited: Bailey.

You collected 369 gold pieces.
You spent 336 gold pieces at shops.

Inventory:

Hand Weapons
 a - a +0 falchion of chaos (weapon)
 u - a +0 falchion of holy wrath
 y - the +2 rapier of Duty {chaos, rN++ Str-3 Dex+5}
   (Xom gifted it to you on level 6 of the Dungeon)

   Each time it hits an enemy it has a different, random effect.
   It affects your strength (-3).
   It affects your dexterity (+5).
   It greatly protects you from negative energy.
Missiles
 c - 259 stones (quivered)
Armour
 o - a +0 buckler
Jewellery
 w - a ring of poison resistance (left tentacle)
 z - a +2 ring of evasion {unknown}
Wands
 t - a wand of scattershot (5)
 v - a wand of iceblast (10)
Scrolls
 g - 3 scrolls of teleportation
 h - 2 scrolls of remove curse {unknown}
 i - a scroll of blinking
 l - a scroll of noise {unknown}
 n - 2 scrolls of fog
 q - 2 scrolls of enchant weapon {unknown}
 r - a scroll of enchant armour {unknown}
 A - a scroll of amnesia {unknown}
Potions
 d - 2 potions of invisibility
 f - 2 potions of curing
 j - 2 potions of haste
 k - 2 potions of magic
 p - a potion of mutation
 s - a potion of heal wounds
 x - a potion of agility
Comestibles
 b - 15 rations


   Skills:
 + Level 7.8 Fighting
 * Level 12.7 Long Blades
 - Level 8.2 Dodging
 - Level 9.3 Stealth
 - Level 3.6 Evocations


You had 9 spell levels left.
You didn't know any spells.
Your spell library was empty.

Dungeon Overview and Level Annotations

Branches:
Dungeon (7/15)             Temple (0/1) D:5

Altars:
Cheibriados
Fedhas
Kikubaaqudgha
Qazlal
Uskayaw
Yredelemnul
Zin

Shops:
D:6 !


Innate Abilities, Weirdness & Mutations

You cannot wear most types of armour.
You are very stealthy in the water. (Stealth+)
You are amphibious.
You can wear up to eight rings at the same time.
You can use your tentacles to constrict eight enemies at once.
Your skin changes colour to match your surroundings (Stealth+).
Your rubbery body absorbs attacks. (AC +1, EV +1)
You are clumsy. (Dex -2)
You occasionally shout uncontrollably at your foes.


Message History

The orc warrior is moderately wounded.
You constrict the orc warrior.
You feel much better.
You constrict the orc warrior.
The orc warrior shoots a bolt.
The bolt hits you!!
The orc shoots a bolt.
The bolt misses you.
The bolt hits the orc warrior!
The orc warrior misses you.
You hear a shout!
You feel much better.
You constrict the orc warrior, but do no damage.
The orc warrior hits you!
The orc warrior shoots a bolt.
The bolt hits you!!
* * * LOW HITPOINT WARNING * * *
An orc warrior comes into view. It is wielding an arbalest.
Press: ? - help, v - describe, . - travel, g - get item
Here: an orc warrior, wearing a scale mail (severely wounded, constricted by A bolt.
The floor.
You fade into invisibility!
You constrict the orc warrior. The orc warrior misses you.
The orc warrior shoots a bolt.
The bolt hits you!!
You die...
Xom cackles wildly!

#......≈≈#
#......≈##
#......≈o.
#....o.≈##
#......≈≈#
#.(....≈≈≈
#......≈≈≈
#o....o≈≈≈
#@b....≈≈≈
#.....b≈≈≈
#.....b≈≈≈
#(.bb..≈≈≈
#o..b..≈≈≈
#......≈≈≈
#......≈≈≈
#.o....≈≈≈
#......≈≈≈


You could see 4 orc warriors and 2 orcs.

Vanquished Creatures
  Edmund (D:4)
  2 ice beasts (D:6)
  3 phantoms
  An ogre (D:4)
  3 bullfrog skeletons
  3 orc priests
  3 hounds
  6 orc wizards
  4 iguanas
  5 worker ants
  Robin (D:4)
  5 gnolls
  8 adders
  2 shadow imps
  An ooze (D:2)
  An adder skeleton (D:3)
  A worm (D:2)
  4 dart slugs
  5 leopard geckos
  29 orcs
  8 giant cockroaches
  19 goblins
  6 hobgoblins
  4 jackals (D:6)
  4 quokkas
  A ball python (D:1)
  4 bats
  4 frilled lizards
  8 kobolds
  A leopard gecko zombie (D:5)
  5 rats
  A fungus (D:2)
153 creatures vanquished.

Vanquished Creatures (collateral kills)
  Eustachio (D:4)
  A phantom (D:4)
2 creatures vanquished.

Vanquished Creatures (others)
  A leopard gecko (D:3)
1 creature vanquished.

Grand Total: 156 creatures vanquished

Notes
Turn   | Place    | Note
-------+----------+-------------------------------------------
     0 | D:1      | buskinjo2 the Octopode Chaos Knight began the quest for the
                  | Orb.
     0 | D:1      | Reached XP level 1. HP: 16/16 MP: 1/1
   148 | D:1      | Reached XP level 2. HP: 17/21 MP: 2/2
   261 | D:1      | XOM: harmless Hex miscast
   613 | D:2      | Found a snail-covered altar of Cheibriados.
   618 | D:2      | Reached skill level 4 in Long Blades
   625 | D:2      | Reached XP level 3. HP: 26/26 MP: 3/3
  1185 | D:2      | Reached XP level 4. HP: 31/31 MP: 4/4
  1251 | D:2      | Found a blossoming altar of Fedhas.
  1252 | D:2      | XOM: cloud trail
  1473 | D:2      | Found a stormy altar of Qazlal.
  1478 | D:2      | Found an ancient bone altar of Kikubaaqudgha.
  1487 | D:2      | Found a glowing silver altar of Zin.
  1693 | D:3      | XOM: silly message
  1729 | D:3      | Reached skill level 5 in Long Blades
  2302 | D:4      | Noticed an ogre
  2306 | D:4      | Killed an ogre
  2306 | D:4      | Reached XP level 5. HP: 34/36 MP: 5/5
  2564 | D:4      | XOM: cloud trail
  2576 | D:4      | Reached skill level 6 in Long Blades
  2576 | D:4      | Reached XP level 6. HP: 36/42 MP: 6/6
  2625 | D:4      | XOM: mild Air miscast
  2872 | D:4      | Noticed a phantom
  2880 | D:4      | Noticed Edmund
  2880 | D:4      | Noticed a phantom
  2881 | D:4      | XOM: noise
  2882 | D:4      | Noticed Eustachio
  2882 | D:4      | XOM: summons 6 friendly demons
  2890 | D:4      | XOM: swap monsters
  2894 | D:4      | Killed a phantom
  2894 | D:4      | Reached XP level 7. HP: 14/46 MP: 7/7
  2896 | D:4      | Killed Eustachio
  2896 | D:4      | Reached skill level 7 in Long Blades
  2901 | D:4      | XOM: cast spell 'Metabolic Englaciation'
  2906 | D:4      | XOM: mild Hex miscast
  3247 | D:3      | XOM: harmless Chrm miscast
  3535 | D:4      | XOM: harmless Erth miscast
  4035 | D:4      | Killed Edmund
  4041 | D:4      | XOM: confuse monster(s)
  4043 | D:4      | Reached skill level 8 in Long Blades
  4097 | D:4      | Noticed Robin
  4104 | D:4      | Killed Robin
  4220 | D:4      | XOM: summons 3 hostile demons
  4544 | D:4      | Reached skill level 5 in Dodging
  4655 | D:4      | Reached XP level 8. HP: 52/52 MP: 8/8
  4739 | D:5      | Entered Level 5 of the Dungeon
  5016 | D:5      | XOM: divination: detect items
  5245 | D:5      | XOM: smoke on damage
  5288 | D:5      | XOM: cast spell 'Olgreb's Toxic Radiance'
  5295 | D:5      | XOM: divination: detect creatures
  5310 | D:5      | Reached skill level 9 in Long Blades
  5490 | D:5      | Found a staircase to the Ecumenical Temple.
  5504 | D:5      | Reached skill level 1 in Stealth
  5578 | D:5      | XOM: smoke on damage
  5850 | D:5      | Reached skill level 11 in Long Blades
  5850 | D:5      | Reached XP level 9. HP: 63/63 MP: 9/9
  5851 | D:5      | Reached skill level 12 in Long Blades
  5851 | D:5      | Reached XP level 10. HP: 72/72 MP: 9/12
  5923 | D:6      | XOM: divination: detect items
  6022 | D:6      | XOM: divination: detect creatures
  6168 | D:6      | Found Jebou's Distillery.
  6177 | D:6      | Bought a potion of heal wounds for 70 gold pieces
  6177 | D:6      | Bought a potion of heal wounds for 70 gold pieces
  6177 | D:6      | Bought a potion of haste for 140 gold pieces
  6177 | D:6      | Bought a potion of agility for 56 gold pieces
  6291 | D:6      | XOM: god gift: twisted rapier {god gift}
  6292 | D:6      | Got a twisted rapier {god gift}
  6294 | D:6      | Identified the +2 rapier of Duty {chaos, rN++ Str-3 Dex+5}
                  | (Xom gifted it to you on level 6 of the Dungeon)
  6308 | D:6      | XOM: silly message
  6366 | D:6      | Found a hide-covered altar of Uskayaw.
  6484 | D:6      | XOM: divination: magic mapping
  6726 | D:6      | Found a basalt altar of Yredelemnul.
  6813 | D:7      | Found a flagged portal.
  6836 | Bailey   | Entered a bailey
  6842 | Bailey   | XOM: harmless Hex miscast
  6930 | Bailey   | XOM: give mutations
  6930 | Bailey   | Gained mutation: You are clumsy. (Dex -2) [Xom's mischief]
  6930 | Bailey   | Gained mutation: You occasionally shout uncontrollably at
                  | your foes. [Xom's mischief]
  7083 | Bailey   | XOM: 1-stop teleportation journey
  7095 | Bailey   | XOM: butterfly on damage
  7102 | Bailey   | Shot with a bolt by an orc warrior

Skill      XL: |  1  2  3  4  5  6  7  8  9 |
---------------+----------------------------+-----
Long Blades    | 4 5 6 8 11 12 | 12.7
Dodging        | 3 4 5 7 8 |  8.2
Fighting       | 6 7 |  7.8
Stealth        | 7 9 |  9.3
Evocations     | 3 |  3.6

Action                   |  1- 3 |  4- 6 |  7- 9 | 10-12 || total
-------------------------+-------+-------+-------+-------++-------
Melee: Falchion          |    57 |    92 |   176 |    60 ||   385
       Constrict         |    19 |    25 |    36 |    20 ||   100
       Tentacles         |     7 |    14 |    30 |     9 ||    60
Throw: Stone             |     3 |       |     2 |     2 ||     7
  Use: Scroll            |     2 |     2 |     6 |     3 ||    13
       Potion            |       |       |     6 |     3 ||     9
 Stab: Sleeping          |     6 |     5 |     6 |     4 ||    21
       Paralysed         |       |     1 |     2 |       ||     3
       Confused          |       |     1 |     1 |       ||     2
       Petrified         |       |     1 |       |       ||     1
       Distracted        |       |       |     1 |       ||     1
       Petrifying        |       |       |       |     1 ||     1
  Eat: Chunk             |     1 |     5 |    10 |     4 ||    20
Armor: Skin              |     5 |     8 |     4 |     1 ||    18
Dodge: Dodged            |    30 |    54 |    91 |    59 ||   234
       Rpst.: Falchion   |    14 |    21 |    26 |     8 ||    69
